 Dungeon Crawl Stone Soup version 0.30.1-9-gdf580d7c3d (webtiles) character file.

Game seed: 6714361482414821332

53 KittyFluff the Trooper (level 3, -1/24 HPs)
             Began as a Gargoyle Berserker on Oct 10, 2023.
             Was a Follower of Trog.
             Slain by a gnoll
             ... wielding a +0 spear
              (2 damage)
             ... on level 2 of the Dungeon.
             The game lasted 00:03:37 (858 turns).

KittyFluff the Trooper (Gargoyle Berserker)          Turns: 858, Time: 00:03:37

Health: -1/24      AC:  6    Str: 20    XL:     3   Next: 89%
Magic:  3/3        EV: 11    Int:  7    God:    Trog [*.....]
Gold:   114        SH:  0    Dex: 11    Spells: 2/2 levels left

rFire   . . .        a - +0 mace
rCold   . . .        (no shield)
rNeg    + . .        f - +0 leather armour
rPois   ∞            (no helmet)
rElec   +            (no cloak)
rCorr   +            (no gloves)
SInv    .            (no boots)
Will    .....        (no amulet)
Stlth   +            c - ring of resist corrosion
HPRegen 0.24/turn    (no ring)
MPRegen 0.08/turn

%: no passive effects
@: on berserk cooldown, slowed, very slow
A: sickness immunity, AC +3, negative energy resistance 1, electricity
resistance, torment resistance 1, petrification resistance
a: Renounce Religion, Berserk


You were on level 2 of the Dungeon.
You worshipped Trog.
Trog was aware of your devotion.
You visited 1 branch of the dungeon, and saw 2 of its levels.

You collected 114 gold pieces.

Inventory:

Hand Weapons
 a - a +0 mace (weapon)
 k - a +0 morningstar
Missiles
 i - 6 atropa-tipped darts (quivered)
 l - 6 boomerangs
Armour
 b - a +0 animal skin
 f - a +0 leather armour (worn)
Jewellery
 c - a ring of resist corrosion (left hand)
Scrolls
 e - a scroll of enchant weapon {unknown}
 g - a scroll of summoning {unknown}
 j - 4 scrolls of identify {unknown}
Potions
 d - 2 potions of curing {unknown}
 h - a potion of degeneration {unknown}


   Skills:
 + Level 3.7 Fighting
 * Level 3.6 Maces & Flails
 * Level 3.1 Armour
 + Level 1.9 Dodging


You had 2 spell levels left.
You didn't know any spells.
Your spell library was empty.

Dungeon Overview and Level Annotations

Branches:
Dungeon (2/15)

Altars:


Innate Abilities, Weirdness & Mutations

You are immune to sickness and miasma.
Your stone body is resilient. (AC +3)
You are immune to poison.
You resist negative energy. (rN+)
You are resistant to electric shocks. (rElec)
You are resistant to unholy torment.
You are immune to petrification.


Message History

You kill the gnoll!
Trog accepts your kill. The adder barely misses you.
The adder bites you but does no damage.
Your Armour skill increases to level 3!
The goblin hits you but does no damage. The gnoll barely misses you.
The gnoll hits you with a +0 spear.
* * * LOW HITPOINT WARNING * * *
Things that are here:
a +0 club; a +0 spear You sock the gnoll!
The gnoll is almost dead.
The gnoll barely misses you. The goblin hits you but does no damage.
The gnoll barely misses you.
You barely miss the gnoll. The adder barely misses you.
The gnoll hits you but does no damage. The gnoll barely misses you.
The goblin barely misses you.
You closely miss the gnoll.
The gnoll is almost dead.
A giant cockroach comes into view.
The adder bites you but does no damage.
You closely miss the gnoll.
The gnoll is almost dead.
The adder closely misses you. The gnoll hits you but does no damage.
The goblin hits you with a +0 dagger.
* * * LOW HITPOINT WARNING * * *
The gnoll closely misses you.
You thump the gnoll!
You kill the gnoll!
Trog accepts your kill.
You are no longer berserk.
You are exhausted.
You feel yourself slow down. The adder bites you.
* * * LOW HITPOINT WARNING * * *
The gnoll hits you with a +0 spear.
* * * LOW HITPOINT WARNING * * *
The goblin hits you but does no damage.
You thump the gnoll!
The gnoll is severely wounded.
The adder barely misses you. The gnoll hits you with a +0 spear.
You die...

....... ###.#####......#
K...... .... #^......
.......#$.. ? #.......
.......... ...#.>.....
......... ............
........# ####........
#b# ####........
##S#####........... .
#g@............##.. .g
#.)g...........##.. ...
#..............##.. ..g.
#.B.......#....##[. .....
#..............#...
......#..............#...
.........................
......#.........######...
##.############## #...


You could see a gnoll, an adder, a giant cockroach, a goblin and a bat.

Vanquished Creatures
  3 gnolls (D:2)
  A ball python (D:1)
  2 endoplasms (D:1)
  3 goblins
  A hobgoblin (D:1)
  5 kobolds
  2 bats (D:1)
  3 frilled lizards (D:1)
  6 rats (D:1)
26 creatures vanquished.

Notes
Turn   | Place    | Note
-------+----------+-------------------------------------------
     0 | D:1      | KittyFluff the Gargoyle Berserker began the quest for the
                  | Orb.
     0 | D:1      | Reached XP level 1. HP: 14/14 MP: 1/1
     4 | D:1      | Found a faded altar of an unknown god.
   159 | D:1      | Reached XP level 2. HP: 14/19 MP: 2/2
   801 | D:2      | Reached XP level 3. HP: 21/23 MP: 3/3
   857 | D:2      | HP: 1/24 [gnoll/+0 spear (3)]
   858 | D:2      | Slain by a gnoll

Illustrated notes

Levels and vault maps discovered:
D:1:      dpeg_arrival_ratfight, layout_basic, ebering_ecumenical_altar_rust
D:2:      layout_basic

Skill      XL: |  1  2  3 |
---------------+----------+-----
Armour         | 3 |  3.1
Fighting       | |  3.7
Maces & Flails | |  3.6
Dodging        | |  1.9

Action                     || total
---------------------------++-------
  Melee: Mace              ||    77
         Punch             ||     1
 Invoke: Berserk           ||     1
 Armour: Animal skin       ||     7
         Leather armour    ||    40
  Dodge: Dodged            ||    61
